 Dungeon Crawl Stone Soup version 0.28.0-53-g5a82cb258f (webtiles) character file.

Game seed: 2028305159780990659

394 H0rd4k the Charlatan (level 7, 0/51 HPs)
             Began as a Human Artificer on June 21, 2022.
             Slain by an orc
             ... wielding a +0 war axe
              (5 damage)
             ... on level 6 of the Dungeon.
             The game lasted 00:07:32 (6721 turns).

H0rd4k the Charlatan (Human Artificer)              Turns: 6721, Time: 00:07:33

Health: 0/51       AC:  5    Str: 12    XL:     7   Next: 8%
Magic:  7/7        EV: 12    Int: 13    God:
Gold:   249        SH:  0    Dex: 14    Spells: 6/6 levels left

rFire   . . .      SeeInvis .   a - +1 club
rCold   . . .      Faith    .   (no shield)
rNeg    . . .      Spirit   .   b - +0 leather armour
rPois   .          Reflect  .   p - +2 hat
rElec   .          Harm     .   k - scarf {+Inv}
rCorr   .          Rampage  .   (no gloves)
Will    .....                   (no boots)
Stlth   +.........              (no amulet)
HPRegen 0.17/turn               (no ring)
MPRegen 0.10/turn               (no ring)

@: weak-willed, flying
A: no striking features
a: Evoke Invisibility


You were on level 6 of the Dungeon.
You visited 1 branch of the dungeon, and saw 6 of its levels.

You collected 249 gold pieces.

Inventory:

Hand Weapons
 a - a +1 club (weapon)
Missiles
 f - 11 poisoned darts
Armour
 b - a +0 leather armour (worn)
 c - a scarf of harm
 k - a scarf of invisibility (worn)
 p - a +2 hat (worn)
 t - a +2 pair of gloves
Magical Staves
 l - a staff of conjuration
Scrolls
 h - 6 scrolls of identify
 q - 2 scrolls of fog
 u - a scroll of teleportation {unknown}
 x - a scroll of magic mapping {unknown}
 y - a scroll of fear {unknown}
Potions
 o - a potion of attraction
 s - a potion of brilliance
Miscellaneous
 e - a piece from Xom's chessboard (14/15)


   Skills:
 + Level 2.6 Fighting
 + Level 3.4 Maces & Flails
 - Level 2.0 Armour
 + Level 3.6 Dodging
 - Level 1.0 Stealth
 + Level 4.5 Evocations


You had 6 spell levels left.
You didn't know any spells.
Your spell library contained the following spells:

 Spells                   Type           Power      Damage    Failure   Level
 Gell's Gravitas          Tloc           0%         N/A       75%         3
 Teleport Other           Tloc           0%         N/A       75%         3
 Dispersal                Tloc           0%         N/A       100%        6


Dungeon Overview and Level Annotations

Branches:
Dungeon (6/15)
 Temple: D:4-7

Altars:
Fedhas

Annotations:
D:2 exclusion: downstairs
D:3 exclusion: downstairs, Terence
D:4 1 exclusion, Pikel


Message History

The orc wizard gestures wildly while chanting.
The orc wizard flickers and vanishes!
Deactivating autopickup; reactivate with Ctrl-A.
The orc priest barely misses you.
You see here 18 arrows.
The orc priest looks encouraged for a moment.
Found 18 gold pieces.
The sky beast flickers out of sight!
Found a stone staircase leading down.
Your hearing returns.
There is a stone staircase leading down here.
You fly downwards.
You hear the hiss of flowing sand.
There is an entrance to an ossuary on this level.
Hurry and find it before the portal is buried!
Reactivating autopickup.
The orc priest shouts!
Found 13 gold pieces.
There is a stone staircase leading up here.
The orc hits you but does no damage.
The orc priest invokes the aid of Beogh against you.
Beogh smites you!
* * * LOW HITPOINT WARNING * * *
You feel a little less clever now.
You reach down and open the door.
The orc shouts!
The orc hits you with a +0 war axe.
* * * LOW HITPOINT WARNING * * *
An orc comes into view. It is wielding a +0 hand axe.
There is an open door here.
Found a blossoming altar of Fedhas.
You barely miss the orc. The orc hits you with a +0 war axe!
* * * LOW HITPOINT WARNING * * *
Okay, then.
Okay, then.
As you read the scroll labelled JUEPPI GUKLE, it crumbles to dust.
The scroll dissolves into smoke.
It was a scroll of fog.
The orc barely misses you.
As you read the scroll labelled PUNGIO FUBOSCH, it crumbles to dust.
Magic quickly surges around you.
It was a scroll of vulnerability.
The orc hits you with a +0 war axe.
You die...

.# ###. #..
..###
###.... #..
#.#####
#.###§#§§.#
##.o.§o#§§.#
#'#####@§§.#
#.#...######
#...<..#
###.......$.
#.o.......
..o..#....
#..5..# ...
#....... ..
#........ .


You could see an orc (weak-willed).

Vanquished Creatures
  An ogre (D:3)
  A howler monkey (D:3)
  A centaur skeleton (D:4)
  2 adders
  A worm (D:2)
  2 dart slugs
  3 orcs
  5 bats
  8 endoplasms
  5 giant cockroaches
  7 goblins
  8 hobgoblins
  9 jackals
  6 quokkas
  6 ball pythons
  4 frilled lizards
  3 kobolds
  4 rats
76 creatures vanquished.

Vanquished Creatures (collateral kills)
  A scorpion (D:5)
  A hound (D:5)
  An adder (D:2)
  8 orcs (D:5)
  A hobgoblin (D:2)
  A bat (D:2)
  A rat (D:2)
14 creatures vanquished.

Vanquished Creatures (others)
  A phantom (D:5)
  2 orc wizards (D:5)
  An adder (D:2)
  An orc (D:3)
5 creatures vanquished.

Grand Total: 95 creatures vanquished

Notes
Turn   | Place    | Note
-------+----------+-------------------------------------------
     0 | D:1      | H0rd4k the Human Artificer began the quest for the Orb.
     0 | D:1      | Reached XP level 1. HP: 15/15 MP: 1/1
   301 | D:1      | Reached XP level 2. HP: 21/21 MP: 2/2
  1231 | D:1      | Reached XP level 3. HP: 11/26 MP: 3/3
  2113 | D:2      | Reached skill level 4 in Evocations
  2590 | D:2      | Reached skill level 1 in Maces & Flails
  2831 | D:2      | Reached XP level 4. HP: 22/32 MP: 4/4
  4359 | D:3      | Noticed an ogre
  4364 | D:3      | Killed an ogre
  4365 | D:3      | Reached XP level 5. HP: 38/38 MP: 5/5
  4453 | D:3      | Reached XP level 6. HP: 31/44 MP: 6/6
  4716 | D:3      | Found a faded altar of an unknown god.
  4804 | D:3      | Noticed Terence
  5515 | D:4      | Noticed an ogre
  5528 | D:4      | Noticed Pikel
  5688 | D:4      | Noticed a sky beast
  6530 | D:5      | Entered Level 5 of the Dungeon
  6548 | D:5      | Noticed a sky beast
  6616 | D:5      | Reached XP level 7. HP: 25/51 MP: 7/7
  6718 | D:6      | Found a blossoming altar of Fedhas.
  6721 | D:6      | Slain by an orc

Illustrated notes

Levels and vault maps discovered:
D:1:      co_arrival_random_square_maze, layout_basic
D:2:      layout_basic, small_statue_intersection
D:3:      layout_basic, dreamdust_ecumenical_altar_angels_and_demons,
          minmay_increasing_density, uniq_terence
D:4:      layout_loops_ring, minmay_joined_circles, uniq_pikel, uniq_sigmund
D:5:      layout_basic
D:6:      layout_loops_ring, mainiacjoe_overflow_swirl,
          chequers_ossuary_entry_cave, serial_shops, shop,
          kennysheep_generic_room_6

Skill      XL: |  1  2  3  4  5  6 |
---------------+-------------------+-----
Evocations     | 4 |  4.5
Maces & Flails | 1 2 3 |  3.4
Dodging        | 2 3 |  3.6
Fighting       | 2 |  2.6
Armour         | |  2.0
Stealth        | |  1.0

Action                   |  1- 3 |  4- 6 |  7- 9 || total
-------------------------+-------+-------+-------++-------
Melee: Club              |   163 |   275 |     5 ||   443
       Punch             |     5 |     5 |       ||    10
Evoke: Wand              |     9 |    17 |     4 ||    30
       Piece from Xom's  |       |       |     1 ||     1
  Use: Scroll            |       |       |     6 ||     6
       Potion            |       |       |     5 ||     5
 Stab: Sleeping          |     3 |     4 |       ||     7
       Distracted        |       |     1 |       ||     1
Armor: Leather armour    |    45 |   108 |     9 ||   162
Dodge: Dodged            |   136 |   221 |    23 ||   380
